AoeStats
← foxinthelake

Arena

510526454Analyzed
1v1 RM · 16h ago on Oct 1, 2026· 92m 0s· 2 players
Game mode
Random Map
Map size
Tiny (2 player)
Population
200
Speed
Normal
Resources
Standard
Victory
Conquest
Starting age
Dark Age
Ending age
Imperial Age
RankedLock teamsTeams togetherTeam positionsShared explorationLock speedFull tech treeHidden civsTurbo modeCheats
Victory
Defeat
🇯🇵 Hindustanis · Japan
984
+17
🇳🇱 Britons · Netherlands
996
-17
Ituki_ouji
8:06 Loom
10:46 Feudal Age
12:39 Wheelbarrow
15:41 Castle Age
13:54 Double-Bit Axe
14:51 Horse Collar
16:40 Bow Saw
22:14 Gold Mining
26:52 Forging
26:43 Scale Mail Armor
29:39 Squires
29:25 Arson
30:32 Fletching
31:28 Grand Trunk Road
32:55 Gold Shaft Mining
34:03 Chain Mail Armor
34:24 Iron Casting
34:46 Hand Cart
36:14 Heavy Plow
41:25 Imperial Age
40:14 Town Watch
40:36 Scale Barding Armor
40:31 Padded Archer Armor
41:26 Pikeman
42:09 Heavy Camel Rider
42:59 Bloodlines
42:50 Husbandry
43:16 Chain Barding Armor
43:57 Blast Furnace
43:59 Chemistry
43:05 Siege Engineers
43:21 Ballistics
43:13 Masonry
43:14 Fortified Wall
44:50 Two-Man Saw
44:20 Imperial Camel Rider
46:04 Plate Barding Armor
49:28 Leather Archer Armor
49:19 Shatagni
49:39 Conscription
50:25 Elite Skirmisher
52:28 Murder Holes
54:22 Onager
54:23 Siege Elephant
56:05 Ring Archer Armor
56:19 Town Patrol
56:16 Bodkin Arrow
56:17 Stone Mining
57:21 Guard Tower
58:39 Light Cavalry
62:32 Stone Shaft Mining
61:59 Bracer
62:12 Fervor
62:27 Illumination
62:23 Sanctity
62:19 Block Printing
62:39 Theocracy
62:15 Redemption
62:23 Hussar
73:40 Thumb Ring
72:56 Crossbowman
foxinthelake
11:24 Feudal Age
15:24 Castle Age
14:00 Double-Bit Axe
13:58 Horse Collar
15:58 Forging
15:27 Man-at-Arms
18:31 Loom
19:04 Scale Mail Armor
20:40 Iron Casting
23:03 Fletching
27:09 Crossbowman
32:07 Bodkin Arrow
34:20 Ballistics
36:19 Padded Archer Armor
39:42 Imperial Age
37:42 Scale Barding Armor
39:42 Husbandry
40:52 Chain Barding Armor
40:15 Cavalier
42:58 Plate Barding Armor
45:58 Wheelbarrow
47:53 Arbalester
49:15 Conscription
48:48 Arbalester
51:37 Bow Saw
51:46 Treadmill Crane
52:18 Masonry
55:11 Hand Cart
57:43 Two-Man Saw
60:22 Elite Skirmisher
61:24 Bracer
65:11 Pikeman
65:29 Capped Ram
66:40 Heavy Plow
67:35 Halberdier
68:37 Chain Mail Armor
69:41 Blast Furnace
68:32 Light Cavalry
71:56 Plate Mail Armor
90:13 Leather Archer Armor
Connection lost

Rejoining the realm…

Still unreachable

The connection could not be restored.

Session expired

The server has moved on; the page needs a fresh start.